 Dungeon Crawl Stone Soup version 0.30.0 (webtiles) character file.

Game seed: 79874698933006194

821924 jwmurphy the Minotaur Barricade (level 27, -6/259 (300) HPs)
             Began as a Minotaur Fighter on Sept 28, 2023.
             Was the Champion of the Shining One.
             Mangled by an iron golem (22 damage)
             ... while paralysed
             ... on level 5 of the Iron City of Dis on Nov 3, 2023.
             The game lasted 16:18:23 (71575 turns).

jwmurphy the Minotaur Barricade (Minotaur Fighter) Turns: 71575, Time: 16:18:32

HP:   -6/259 (300)  AC: 32    Str: 36 (40) XL:     27
MP:   37/37         EV:  2    Int:  0 (5)  God:    the Shining One [******]
Gold: 7192          SH:  0    Dex: 16      Spells: 25/28 levels left

rFire   + + +        A - +7 broad axe (holy)
rCold   + + +        s - +18 shield of the Gong {Loud rN+ Will+ rCorr EV-5}
rNeg    + + +        T - +13 plate armour of Terror {Drain rElec rPois rF+}
rPois   +            D - -2 hat of the Alchemist {rElec rPois rF+ rC+ rN+ Will+ rMut rCorr}
rElec   +            S - scarf {rC+ rF+}
rCorr   +            r - +2 pair of gloves "Inwamaill" {Regen+}
SInv    .            l - +1 pair of boots
Will    ++++.        V - amulet "Naolyguetef" {Regen+ Slay+4} Stlth
                     K - ring "Fesatif" {Contam +Blink rF++ rC+ Dex+2}
HPRegen 2.23/turn    j - ring "Giloinul" {rN+ Str+6 Dex+3}
MPRegen 0.25/turn

%: resist mutation
@: paralysed, slowed, lost intelligence, glowing, studying Earth Magic, heavily
drained, unable to read, corroded
A: horns 2, retaliatory headbutt, claws 1, hooves 1, robust 1, wild magic 1,
heat vulnerability 1
}: 6/15 runes: barnacled, silver, obsidian, icy, abyssal, gossamer
a: Renounce Religion, Evoke Blink, Divine Shield, Cleansing Flame, Summon Divine
Warrior


You were on level 5 of the Iron City of Dis.
You worshipped the Shining One.
The Shining One was exalted by your worship.
You visited 16 branches of the dungeon, and saw 72 of its levels.
You visited the Abyss 3 times.
You also visited: Ice Cave.

You collected 11011 gold pieces.
You spent 3819 gold pieces at shops.

Inventory:

Hand Weapons
 a - a +8 war axe of venom
 b - a +6 war axe of freezing
 A - a +7 broad axe of holy wrath (weapon)
 E - a +4 flail of freezing
Missiles
 C - 7 datura-tipped darts
 Y - a javelin
 Z - 7 silver javelins (quivered)
Armour
 i - a +7 tower shield of poison resistance
 l - a +1 pair of boots (worn)
 r - the +2 pair of gloves "Inwamaill" (worn) {Regen+}
   (You found it on level 3 of the Dungeon)

   Regen:     It increases your rate of health regeneration.
 s - the +18 shield of the Gong (worn) {Loud rN+ Will+ rCorr EV-5}
   (You found it on level 1 of the Lair of Beasts)

   Loud:      It is deafeningly noisy when blocking attacks.
   EV:        It affects your evasion (-5).
   rN:        It protects you from negative energy.
   rCorr:     It protects you from acid and corrosion.
   Will:      It increases your willpower.
 D - the -2 hat of the Alchemist (worn) {rElec rPois rF+ rC+ rN+ Will+ rMut rCorr}
   (You found it on level 2 of the Vaults)

   rF:        It protects you from fire.
   rC:        It protects you from cold.
   rElec:     It insulates you from electricity.
   rPois:     It protects you from poison.
   rN:        It protects you from negative energy.
   rCorr:     It protects you from acid and corrosion.
   rMut:      It protects you from mutation.
   Will:      It increases your willpower.
 J - the scarf of the Barnacle {shadows, rElec rPois}
   (You found it on level 4 of the Spider Nest)

   rElec:     It insulates you from electricity.
   rPois:     It protects you from poison.
 S - a scarf of resistance (worn)
 T - the +13 plate armour of Terror (worn) {Drain rElec rPois rF+}
   (You bought it in a shop on level 1 of the Depths)

   rF:        It protects you from fire.
   rElec:     It insulates you from electricity.
   rPois:     It protects you from poison.
   Drain:     It drains your maximum health when unequipped.
Jewellery
 g - the ring "Ypsicico" {rC++ Will+}
   (You found it on level 3 of the Crypt)

   [ring of willpower]

   rC:        It greatly protects you from cold.
   Will:      It increases your willpower.
 h - a +4 ring of slaying
 j - the ring "Giloinul" (right hand) {rN+ Str+6 Dex+3}
   (You found it on level 1 of the Depths)

   [ring of strength]

   Str:       It affects your strength (+6).
   Dex:       It affects your dexterity (+3).
   rN:        It protects you from negative energy.
 k - an amulet of the acrobat
 o - an amulet of reflection
 p - the ring of Xusoiteb {rElec rF+++ rCorr EV+5 Dex-4}
   (You took it off a deep elf annihilator on level 3 of the Elven Halls)

   [ring of evasion]

   EV:        It affects your evasion (+5).
   Dex:       It affects your dexterity (-4).
   rF:        It renders you almost immune to fire.
   rElec:     It insulates you from electricity.
   rCorr:     It protects you from acid and corrosion.
 y - the ring of the Present {Drain +Blink rElec rF+++ rCorr}
   (You took it off a vault warden on level 5 of the Vaults)

   [ring of resist corrosion]

   rF:        It renders you almost immune to fire.
   rElec:     It insulates you from electricity.
   +Blink:    It lets you blink.
   rCorr:     It protects you from acid and corrosion.
   Drain:     It drains your maximum health when unequipped.
 I - the ring of Saw Wat {Fly rF+ Int+3}
   (You bought it in a shop on level 4 of the Shoals)

   [ring of protection from fire]

   Int:       It affects your intelligence (+3).
   rF:        It protects you from fire.
   Fly:       It grants you flight.
 K - the ring "Fesatif" (left hand) {Contam +Blink rF++ rC+ Dex+2}
   (You took it off a vampire mage on level 2 of the Crypt)

   [ring of protection from cold]

   Dex:       It affects your dexterity (+2).
   rF:        It greatly protects you from fire.
   rC:        It protects you from cold.
   +Blink:    It lets you blink.
   Contam:    It causes magical contamination when unequipped.
 M - the ring "Zebbent" {rC+ Will+ Int-2 Dex+6}
   (You acquired it on level 2 of the Realm of Zot)

   [ring of dexterity]

   Int:       It affects your intelligence (-2).
   Dex:       It affects your dexterity (+6).
   rC:        It protects you from cold.
   Will:      It increases your willpower.
 N - the ring "Gakuneul" {rPois rC+++ rN+ SInv Stlth+}
   (You found it on level 3 of the Crypt)

   [ring of positive energy]

   rC:        It renders you almost immune to cold.
   rPois:     It protects you from poison.
   rN:        It protects you from negative energy.
   SInv:      It lets you see invisible.
   Stlth:     It makes you more stealthy.
 O - the ring of Cothrem {rPois rN+ AC+4 Int+3}
   (You took it off a deep elf annihilator on level 3 of the Elven Halls)

   [ring of protection]

   AC:        It affects your AC (+4).
   Int:       It affects your intelligence (+3).
   rPois:     It protects you from poison.
   rN:        It protects you from negative energy.
 V - the amulet "Naolyguetef" (around neck) {Regen+ Slay+4}
   (You took it off a deep elf demonologist on level 3 of the Elven Halls)

   [amulet of regeneration]

   Slay:      It affects your accuracy & damage with ranged weapons and melee
   (+4).
   Regen:     It increases your rate of health regeneration.
Wands
 c - a wand of flame (106)
 f - a wand of digging (40)
 u - a wand of paralysis (23)
 x - a wand of quicksilver (20)
 z - a wand of mindburst (23)
 P - a wand of iceblast (40)
 U - a wand of polymorph (10)
Scrolls
 d - 2 scrolls of brand weapon
 n - 6 scrolls of fog
 t - 7 scrolls of blinking
 w - 3 scrolls of fear
 G - 18 scrolls of teleportation
 L - 2 scrolls of silence
 Q - 4 scrolls of magic mapping
 X - a scroll of enchant armour
Potions
 e - 4 potions of resistance
 m - 8 potions of curing
 v - 11 potions of ambrosia
 B - 6 potions of mutation
 F - 2 potions of cancellation
 H - 8 potions of berserk rage
 W - 6 potions of heal wounds
Miscellaneous
 q - a phial of floods
 R - a lightning rod (4/4)


   Skills:
 O Level 27 Fighting
 - Level 25.0 Axes
 + Level 3.0(16.9) Maces & Flails
 + Level 0.5 Ranged Weapons
 * Level 14.7 Throwing
 O Level 27 Armour
 - Level 14.0 Dodging
 - Level 1.0 Stealth
 O Level 27 Shields
 - Level 1.0 Spellcasting
 * Level 2.7 Transmutations
 - Level 22.0 Invocations
 - Level 20.2 Evocations


You had 25 spell levels left.
You knew the following spells:

 Your Spells              Type           Power      Damage    Failure   Level
a - Slow                  Hex            0%         N/A       89%         1
b - Wereblood             Tmut           0%         N/A       69%         2

Your spell library contained the following spells:

 Spells                   Type           Power      Damage    Failure   Level
 Beastly Appendage        Tmut           0%         N/A       54%         1
 Sting                    Tmut/Pois      0%         1d3       75%         1
 Passwall                 Tmut/Erth      0%         N/A       86%         2
 Apportation              Tloc           0%         N/A       89%         1
 Kiss of Death            Conj/Necr      0%         2d5       89%         1
 Magic Dart               Conj           0%         1d3       89%         1
 Necrotise                Necr           0%         1d4       89%         1
 Sandblast                Erth           0%         2d4       89%         1
 Summon Small Mammal      Summ           0%         N/A       89%         1
 Blink                    Tloc           0%         N/A       96%         2
 Call Imp                 Summ           0%         N/A       96%         2
 Cigotuvi's Dreadful Rot  Necr/Pois/Air  0%         N/A       96%         2
 Lesser Beckoning         Tloc           0%         N/A       96%         2
 Momentum Strike          Conj/Tloc      0%         3d8       96%         2
 Poisonous Vapours        Pois/Air       0%         N/A       96%         2
 Static Discharge         Conj/Air       0%         2-2/arc   96%         2
 Ignite Poison            Fire/Tmut/Pois 0%         N/A       98%         3
 Call Canine Familiar     Summ           0%         N/A       99%         3
 Confusing Touch          Hex            0%         N/A       99%         3
 Dazzling Flash           Conj/Hex       0%         N/A       99%         3
 Hailstorm                Conj/Ice       0%         3d3       99%         3
 Mephitic Cloud           Conj/Pois/Air  0%         N/A       99%         3
 Ozocubu's Armour         Ice            0%         N/A       99%         3
 Portal Projectile        Hex/Tloc       0%         N/A       99%         3
 Stone Arrow              Conj/Erth      0%         3d7       99%         3
 Summon Guardian Golem    Hex/Summ       0%         N/A       99%         3
 Tukima's Dance           Hex            0%         N/A       99%         3
 Vampiric Draining        Necr           0%         2d6       99%         3
 Vhi's Electric Charge    Tloc/Air       0%         N/A       99%         3
 Airstrike                Air            0%         2d(0-16)  100%        4
 Anguish                  Hex/Necr       0%         N/A       100%        4
 Cause Fear               Hex            0%         N/A       100%        4
 Dispel Undead            Necr           0%         3d6       100%        4
 Ice Form                 Ice/Tmut       0%         N/A       100%        4
 Leda's Liquefaction      Hex/Erth       0%         N/A       100%        4
 Manifold Assault         Tloc           0%         N/A       100%        4
 Olgreb's Toxic Radiance  Pois           0%         N/A       100%        4
 Passage of Golubria      Tloc           0%         N/A       100%        4
 Petrify                  Tmut/Erth      0%         N/A       100%        4
 Sticky Flame             Conj/Fire      0%         2d3       100%        4
 Summon Ice Beast         Ice/Summ       0%         N/A       100%        4
 Summon Lightning Spire   Summ/Air       0%         N/A       100%        4
 Agony                    Necr           0%         N/A       100%        5
 Alistair's Intoxication  Tmut/Pois      0%         N/A       100%        5
 Arcjolt                  Conj/Air       0%         1d10      100%        5
 Blade Hands              Tmut           0%         N/A       100%        5
 Borgnjor's Vile Clutch   Necr/Erth      0%         N/A       100%        5
 Freezing Cloud           Conj/Ice/Air   0%         6-21      100%        5
 Iskenderun's Battlesphe  Conj           0%         2d6       100%        5
 Silence                  Hex/Air        0%         N/A       100%        5
 Summon Forest            Summ/Tloc      0%         N/A       100%        5
 Summon Mana Viper        Hex/Summ       0%         N/A       100%        5
 Yara's Violent Unravell  Hex/Tmut       0%         3d3       100%        5
 Dispersal                Tloc           0%         N/A       100%        6
 Eringya's Noxious Bog    Tmut/Pois      0%         N/A       100%        6
 Iron Shot                Conj/Erth      0%         9d1       100%        6
 Simulacrum               Ice/Necr       0%         N/A       100%        6
 Statue Form              Tmut/Erth      0%         N/A       100%        6
 Summon Cactus Giant      Summ           0%         N/A       100%        6
 Dragon Form              Tmut           0%         N/A       100%        7
 Enfeeble                 Hex            0%         N/A       100%        7
 Monstrous Menagerie      Summ           0%         N/A       100%        7
 Ozocubu's Refrigeration  Ice            0%         4d7       100%        7
 Spellforged Servitor     Conj/Summ      0%         N/A       100%        7
 Storm Form               Tmut/Air       0%         N/A       100%        7
 Discord                  Hex            0%         N/A       100%        8
 Disjunction              Tloc           0%         N/A       100%        8
 Ignition                 Fire           0%         3d3       100%        8
 Lehudib's Crystal Spear  Conj/Erth      0%         10d2      100%        8
 Maxwell's Capacitive Co  Air            0%         ∞         100%        8


Dungeon Overview and Level Annotations

Branches:
Dungeon (15/15)            Temple (1/1) D:5            Lair (5/5) D:8
 Shoals (4/4) Lair:3       Spider (4/4) Lair:2        Slime (0/5) Lair:4
    Orc (2/2) D:10            Elf (3/3) Orc:2        Vaults (5/5) D:14
  Crypt (3/3) Vaults:3       Tomb (0/3) Crypt:3      Depths (4/4) D:15
   Hell (visited)             Dis (5/7) Hell            Geh (7/7) Hell
    Coc (7/7) Hell            Tar (1/7) Hell            Zot (5/5) Depths:4
  IceCv (visited)

Altars:
Ashenzari
Cheibriados
Dithmenos
Elyvilon
Fedhas
Gozag
Hepliaklqana
Kikubaaqudgha
Makhleb
Nemelex Xobeh
Okawaru
Qazlal
Ru
Sif Muna
Trog
Uskayaw
Vehumet
Wu Jian
Xom
Yredelemnul
Zin
The Shining One
Jiyva

Shops:
D:5 (   D:6 (   D:7 (   D:9 [   Orc:2 *(=[   Elf:2 *   Shoals:2 (   Shoals:4 =*
Vaults:1 (   Vaults:2 (   Vaults:3 =   Vaults:4 [   Depths:1 *

Portals:
Hell: Depths:1 Depths:2 Depths:3 Depths:4
Abyss: Depths:3
Pandemonium: Depths:2 Depths:3 Depths:4
Ziggurat: Depths:3


Innate Abilities, Weirdness & Mutations

You have a pair of horns on your head.
You reflexively headbutt those who attack you in melee.
You have sharp fingernails.
You have large cloven feet.
You are robust. (+10% HP)
Your spells are a little harder to cast, but a little more powerful.
You are vulnerable to heat. (rF-)


Message History

The iron shot hits you!!!
The dread lich mumbles some strange words.
The dread lich seems to speed up.
The iron golem hits you but does no damage.
The iron golem hits you!! The iron golem hits you!
The iron golem hits you but does no damage.
The war gargoyle hits you with a +0 great mace!
The dread lich enters a dispersal trap!
The war gargoyle blinks!
The Hell Sentinel blinks!
The iron golem blinks!
The crystal echidna blinks!
The Hell Sentinel blinks! x3; The iron golem blinks!
The crystal echidna blinks!
The Hell Sentinel blinks!
The iron golem blinks!
The quicksilver elemental blinks!
The war gargoyle blinks!
The Hell Sentinel blinks!
The hellion blinks!
The war gargoyle blinks!
The iron golem blinks!
The iron giant blinks!
The iron golem blinks!
The quicksilver elemental blinks!
The hellion hits you but does no damage.
The crystal echidna throws crystal bolt at you.
The crystal bolt burns the quicksilver elemental.
The quicksilver elemental completely resists.
The crystal bolt burns you. You resist.
The Hell Sentinel hits you but does no damage. x2
The crystal echidna throws crystal bolt at you.
The crystal bolt burns the war gargoyle!
The war gargoyle resists.
The crystal bolt burns you. You resist.
The iron golem hits you but does no damage.
The iron golem hits you!
The war gargoyle hits you with a +0 great mace.
The hellion hits you.
The war gargoyle hits you but does no damage.
The Hell Sentinel hits you.
* * * LOW HITPOINT WARNING * * *
The Hell Sentinel hits you.
* * * LOW HITPOINT WARNING * * *
The crystal echidna bites you but does no damage.
The iron giant throws the iron giant at you!
* * * LOW HITPOINT WARNING * * *
The iron golem hits you!!
* * * LOW HITPOINT WARNING * * *
The iron golem hits you!!
You die...

#..######..#.
........9..#.
##........rD..
#.......§..9.r
+#.....1..19...
.....C.2.§§§...
......919EL....
#...§§@8>.....
#...29Cr§rC...
#....§§.......
.......§1.§....
.#.............
##...........#
...........##
##...§..#####


You could see 3 iron golems, 3 iron giants, 4 Hell Sentinels, an iron dragon, a
dread lich (fast), a quicksilver elemental, 3 crystal echidnas, 3 war gargoyles
and 2 hellions.

Vanquished Creatures
  Antaeus (Coc:7)
  Asmodeus (Geh:7)
  9 dread liches
  3 ancient liches
  6 orbs of fire
  Mennas (Depths:4)
  2 juggernauts
  Sojobo (Depths:2)
  4 Killer Klowns
  Boris (Crypt:1)
  16 shard shrikes
  Bai Suzhen (Crypt:2)
  Geryon (Hell)
  3 curse toes
  4 caustic shrikes
  10 golden dragons
  5 bone dragons
  the Enchantress (Depths:2)
  19 Brimstone Fiends
  3 electric golems
  3 doom hounds (Tar:1)
  2 Tzitzimimeh
  12 tentacled monstrosities
  11 hellephants
  2 tainted leviathans (Tar:1)
  8 liches
  6 Hell Sentinels
  24 Orb Guardians (Zot:5)
  15 Ice Fiends
  2 deep elf master archers (Elf:3)
  2 deep elf blademasters
  Murray (Hell)
  A walking divine tome (Depths:1)
  24 titans
  2 krakens
  4 tentacled starspawn (Abyss:3)
  4 quicksilver dragons
  29 searing wretches
  6 sphinxes
  16 ancient champions
  8 death cobs
  A draconian monk (Zot:5)
  6 shadow dragons
  5 revenants
  2 draconian knights
  7 tengu reavers
  10 storm dragons
  5 quicksilver elementals
  A daeva (Depths:3)
  17 narguns
  3 azure jellies
  A rockslime (Abyss:3)
  12 fire giants
  4 deep elf sorcerers
  15 vault wardens
  23 balrugs
  5 iron dragons
  4 emperor scorpions
  17 frost giants
  Louise (Lair:3)
  5 draconian scorchers
  2 angels
  18 ironbound preservers
  6 shard shrike simulacra
  5 ghost moths
  9 broodmothers
  6 curse skulls
  2 draconian shifters (Zot:5)
  6 draconian annihilators
  20 very ugly things
  5 draconian stormcallers
  2 deep elf elementalists (Elf:3)
  Aizul (Vaults:3)
  2 orc warlords
  7 ironbound thunderhulks
  11 ghouls
  10 war gargoyles
  2 reapers
  3 spriggan defenders (Depths:2)
  A juggernaut skeleton (Crypt:2)
  2 cacodemons
  A caustic shrike skeleton (Abyss:3)
  9 vampire knights
  9 deep elf demonologists
  21 elemental wellsprings
  29 stone giants
  An eleionoma (Abyss:3)
  4 green draconians
  The ghost of Tacit the Basher, a journeyman GrMo of Gozag (Spider:1)
  5 black draconians
  10 deep elf annihilators (Elf:3)
  10 yellow draconians
  22 starcursed masses
  10 spark wasps
  9 white draconians
  4 purple draconians
  15 wendigos
  6 red draconians
  15 dire elephants
  8 iron golems
  10 deep elf death magi
  A blizzard demon (Hell)
  15 jiangshi
  3 eidola (Crypt:2)
  12 entropy weavers
  18 ettins
  7 merfolk impalers
  6 merfolk javelineers
  2 deep elf high priests (Vaults:5)
  Josephine (Lair:3)
  10 yaktaur captains
  9 fire dragons
  3 hydras
  11 caustic shrike simulacra
  3 spriggan zombies
  12 ice dragons
  10 great orbs of eyes
  2 peacekeepers (Vaults:2)
  2 rakshasas
  An ogre mage (Vaults:5)
  4 catoblepae
  A ghost crab (Abyss:3)
  2 salamander tyrants (Geh:1)
  24 vault guards
  9 ironbound frosthearts
  3 merfolk aquamancers
  4 alligator snapping turtles
  9 spriggan air magi
  10 boulder beetles
  4 centaur warriors
  4 death knights
  8 juggernaut simulacra
  4 jorogumos
  5 radroaches
  5 two-headed ogres
  36 dancing weapons
  A spriggan skeleton (Crypt:1)
  8 death yaks
  A satyr (Shoals:2)
  5 stokers
  10 deep troll earth magi
  11 tengu warriors
  14 vampire magi
  52 hell hogs
  Urug (Orc:2)
  6 deep troll shamans
  6 spriggan berserkers
  16 deep elf knights
  An orc high priest (Orc:2)
  7 thrashing horrors (Abyss:3)
  2 soul eaters
  2 crystal echidnas (Dis:2)
  5 sun demons
  17 hell knights
  A sixfirhy (Abyss:3)
  The ghost of Endbringerleviathan the Firebug, a novice NaFE of Gozag (D:8)
  15 iron trolls
  A fire crab (shapeshifter) (Depths:2)
  2 shadow wraiths (Crypt:2)
  11 skysharks
  A salamander mystic (Depths:1)
  13 skeletal warriors
  A sun moth (Spider:4)
  2 bunyip zombies
  12 flayed ghosts
  6 quicksilver dragon simulacra
  A spatial maelstrom (Abyss:3)
  A spectral bunyip (Tar:1)
  2 orb spiders (shapeshifter)
  8 sea snakes
  2 anaconda zombies (Hell)
  3 wretched stars (Abyss:3)
  63 deep trolls
  A death drake (Abyss:3)
  5 bog bodies
  A spectral hydra (Tar:1)
  7 glowing orange brains
  8 pharaoh ants
  4 spriggan simulacra
  9 deep elf archers
  18 phantasmal warriors
  12 wizards
  15 orb spiders
  A golden dragon skeleton (Crypt:3)
  8 lindwurms
  19 ironbound convokers
  22 deep elf pyromancers
  29 deep elf zephyrmancers
  The ghost of BigFatTexta the Covert, a novice GnDe of Okawaru (D:5)
  A fenstrider witch simulacrum (Coc:1)
  5 orc knights
  21 harpies
  8 steelbarb worms
  A wolf spider (shapeshifter) (Elf:1)
  9 manticores
  35 ugly things
  5 necromancers
  A will-o-the-wisp (Abyss:3)
  A jorogumo skeleton (Crypt:1)
  20 wolf spiders
  9 fauns
  3 salamanders (Depths:1)
  10 cyclopes
  4 orc sorcerers (Orc:2)
  A moth of wrath (shapeshifter) (Vaults:5)
  Maurice (D:8)
  A shining eye (Abyss:3)
  33 moths of wrath
  A centaur zombie (Abyss:3)
  An eleionoma zombie (Crypt:1)
  A worldbinder (Abyss:3)
  A guardian serpent (shapeshifter) (D:15)
  3 spectral centaurs (Tar:1)
  15 vault sentinels
  A rust devil (Hell)
  16 elephants
  13 merfolk sirens
  3 ice statues
  2 black mambas
  8 titan simulacra
  8 demonic crawlers
  3 smoke demons
  A gargoyle (D:7)
  11 water nymphs
  A black mamba (shapeshifter) (Vaults:5)
  An orange demon (Hell)
  8 torpor snails
  A dire elephant skeleton (Crypt:3)
  An eye of devastation (shapeshifter) (Vaults:5)
  2 unseen horrors
  An unseen horror (shapeshifter) (Vaults:5)
  A catoblepas zombie (Crypt:3)
  13 cane toads
  5 rime drakes
  A steelbarb worm zombie (Crypt:3)
  22 hellions
  2 rime drakes (shapeshifter)
  A yellow draconian zombie (Crypt:1)
  10 komodo dragons
  A sea snake zombie (Hell)
  A spectral naga (Tar:1)
  28 yaktaurs
  A bunyip simulacrum (Coc:1)
  5 tengu conjurers
  8 anaconda simulacra
  2 ice devils (Depths:2)
  An efreet (D:15)
  A black draconian skeleton (Crypt:2)
  14 freezing wraiths
  3 iron giant simulacra
  2 ancient zymes (Abyss:3)
  A harpy zombie (Crypt:2)
  25 merfolk
  3 minotaur skeletons
  10 tormentors
  9 trolls
  4 meliai
  11 polar bears
  A hellwing (Abyss:3)
  A shadow dragon simulacrum (Coc:1)
  A tyrant leech (Abyss:3)
  3 hornets
  A hydra skeleton (Hell)
  5 wind drakes
  2 harpy skeletons (Crypt:1)
  14 raiju (Abyss:3)
  5 blink frogs (Lair:1)
  A tarantella (shapeshifter) (Vaults:5)
  29 tarantellas
  24 dream sheep
  A guardian serpent zombie (Crypt:2)
  An iron dragon simulacrum (Coc:1)
  9 snapping turtles
  A satyr zombie (Crypt:1)
  2 stone giant simulacra
  8 flying skulls
  26 jumping spiders
  A centaur simulacrum (Crypt:1)
  3 spriggans
  7 air elementals
  54 slime creatures
  18 water elementals
  23 culicivoras
  4 dire elephant simulacra
  A spriggan (shapeshifter) (Vaults:5)
  2 alligator skeletons (Hell)
  2 wyverns
  A shadow (D:12)
  5 ynoxinuls
  2 alligator snapping turtle simulacra
  6 basilisks
  2 vampires
  11 wraiths
  A fire elemental (Elf:3)
  63 yaks
  51 redbacks
  6 neqoxecs (Abyss:3)
  A sea snake simulacrum (Hell)
  A golden eye (shapeshifter) (Vaults:5)
  2 steam dragons
  11 vampire mosquitoes
  3 chaos spawn
  2 nagas (Abyss:3)
  A two-headed ogre zombie (Crypt:3)
  13 harpy simulacra
  6 wargs
  11 spatial vortices (Abyss:3)
  A warg (shapeshifter) (D:14)
  An acid dragon (D:7)
  3 hydra simulacra
  14 water moccasins
  A floating eye (Depths:3)
  A hornet zombie (D:5)
  A floating eye (shapeshifter) (Vaults:5)
  2 naga skeletons (Crypt:1)
  36 orc warriors
  3 sky beasts
  4 black bears
  A lindwurm zombie (Crypt:1)
  3 ogres
  A black mamba simulacrum (Coc:1)
  5 ettin simulacra
  13 large abominations (Abyss:3)
  36 wolves
  A blink frog skeleton (Crypt:2)
  10 centaurs
  2 phantoms
  A swamp dragon skeleton (Crypt:2)
  2 kobold brigands
  A salamander zombie (Crypt:1)
  2 gnoll sergeants
  7 necrophages
  A yaktaur skeleton (Crypt:3)
  6 bullfrogs
  A fire crab zombie (Crypt:1)
  3 scorpions
  5 naga simulacra
  2 earth elementals
  15 wights
  A wyvern skeleton (Crypt:3)
  2 water moccasin skeletons
  6 small abominations
  23 killer bees
  A killer bee (shapeshifter) (Vaults:5)
  3 electric eels (Spider:1)
  A raiju skeleton (Crypt:1)
  9 howler monkeys
  4 lava snakes (Lair:3)
  A crimson imp (D:7)
  3 jellies
  A basilisk zombie (Crypt:2)
  A gnoll bouda (D:8)
  27 orc priests
  3 iron imps (Abyss:3)
  3 hounds
  An iguana (D:5)
  A hell rat (Hell)
  29 orc wizards
  A boggart skeleton (Crypt:2)
  2 killer bee zombies (D:5)
  9 adders
  21 gnolls
  A shadow imp (D:6)
  2 white imps
  An ufetubus (D:7)
  An adder zombie (Crypt:1)
  An iguana skeleton (Crypt:2)
  5 worms
  A dart slug (D:3)
  75 orcs
  8 ball pythons
  A bat skeleton (Crypt:1)
  12 endoplasms
  2 giant cockroaches
  4 goblins
  12 hobgoblins
  5 jackals (D:4)
  A quokka (D:4)
  3 bats
  3 frilled lizards (D:1)
  2 goblin zombies (D:7)
  2 hobgoblin zombies (D:7)
  23 kobolds
  A kobold zombie (D:7)
  2 orc skeletons (D:7)
  An orc zombie (D:7)
  6 rats
  A butterfly (Lair:1)
  2 creeping infernos
  24 fire vortices
  A spectral weapon (Depths:2)
  6 starspawn tentacles (Abyss:3)
  3 tentacles
2924 creatures vanquished.

Vanquished Creatures (collateral kills)
  the Serpent of Hell (Geh:7)
  An ancient lich (Vaults:5)
  2 orbs of fire (Zot:5)
  A hellephant (Geh:7)
  2 titans
  A deep elf blademaster (Elf:3)
  An Orb Guardian (Zot:5)
  2 quicksilver dragons (Zot:5)
  A searing wretch (Geh:7)
  A vault warden (Vaults:5)
  A balrug (Geh:7)
  A draconian scorcher (Zot:5)
  A draconian annihilator (Zot:5)
  2 ironbound preservers
  2 war gargoyles
  A white draconian (Zot:5)
  A wendigo (Coc:7)
  A purple draconian (Zot:5)
  An entropy weaver (Spider:1)
  An ettin (Vaults:5)
  4 vault guards (Vaults:5)
  A caustic shrike simulacrum (Coc:2)
  2 dancing weapons (Elf:2)
  A deep elf knight (Elf:2)
  4 deep trolls
  A pharaoh ant (Spider:1)
  2 starcursed masses (Abyss:3)
  A deep elf zephyrmancer (Elf:2)
  An ugly thing (D:7)
  A moth of wrath (Spider:1)
  A jumping spider (Spider:1)
  2 culicivoras (Spider:1)
  A neqoxec (Abyss:3)
  6 redbacks (Spider:1)
  An orc warrior (Vaults:5)
  An ogre (Vaults:5)
  An orc (Vaults:5)
  2 creeping infernos (Geh:7)
58 creatures vanquished.

Vanquished Creatures (others)
  A frost giant (Depths:3)
  A fire giant (Depths:3)
  2 shard shrike simulacra (Coc:7)
  3 elemental wellsprings
  A white draconian (Zot:5)
  A wendigo (Coc:3)
  A red draconian (Abyss:3)
  A fire dragon (Zot:3)
  3 caustic shrike simulacra
  A juggernaut simulacrum (Coc:3)
  A dancing weapon (Elf:2)
  A tengu warrior (Depths:3)
  A deep elf knight (Elf:2)
  2 quicksilver dragon simulacra (Coc:7)
  3 spriggan simulacra
  A deep elf pyromancer (Elf:1)
  A titan simulacrum (Coc:3)
  A tormentor (Coc:7)
  A yaktaur (Vaults:1)
  A golden dragon simulacrum (Coc:7)
  2 iron dragon simulacra (Coc:2)
  A jumping spider (Spider:4)
  2 dire elephant simulacra (Coc:7)
  An alligator snapping turtle simulacrum (Coc:2)
  A vampire mosquito (D:12)
  A large abomination (Abyss:3)
  2 harpy simulacra (Coc:2)
  A naga (Abyss:3)
  A hydra simulacrum (Coc:2)
  An orc warrior (Vaults:5)
  An orc (Orc:2)
  3 creeping infernos
  A fire vortex (Geh:7)
  12 fungi
  119 plants
  15 starspawn tentacles (Abyss:3)
  16 tentacles
208 creatures vanquished.

Grand Total: 3190 creatures vanquished

Notes
Turn   | Place    | Note
-------+----------+-------------------------------------------
     0 | D:1      | jwmurphy the Minotaur Fighter began the quest for the Orb.
     0 | D:1      | Reached XP level 1. HP: 19/19 MP: 0/0
   182 | D:1      | Reached XP level 2. HP: 27/27 MP: 1/1
   393 | D:1      | Found a faded altar of an unknown god.
   985 | D:2      | Reached XP level 3. HP: 33/33 MP: 2/2
  1869 | D:3      | Found a burning altar of Makhleb.
  1923 | D:3      | Reached XP level 4. HP: 27/40 MP: 3/3
  2416 | D:3      | Identified the +2 pair of gloves "Inwamaill" {Regen+}
  2664 | D:4      | Reached XP level 5. HP: 36/47 MP: 4/4
  2666 | D:4      | Reached skill level 5 in Shields
  2889 | D:4      | Reached skill level 5 in Armour
  2893 | D:4      | Reached skill level 5 in Axes
  2893 | D:4      | Reached XP level 6. HP: 53/53 MP: 5/5
  3324 | D:4      | Reached XP level 7. HP: 59/60 MP: 6/6
  3478 | D:5      | Entered Level 5 of the Dungeon
  3545 | D:5      | Reached skill level 5 in Fighting
  3577 | D:5      | Reached XP level 8. HP: 67/68 MP: 7/7
  3599 | D:5      | Found a transporter.
  3602 | D:5      | Noticed BigFatTexta's ghost (novice GnDe)
  3607 | D:5      | Found a transporter.
  3618 | D:5      | You fall into a shaft and drop 2 floors!
  3724 | D:7      | Found Vopraf's Antique Weapon Shoppe.
  3736 | D:7      | Bought a glowing broad axe for 210 gold pieces
  3964 | D:7      | Reached skill level 1 in Dodging
  4076 | D:7      | Noticed a two-headed ogre
  4084 | D:7      | Killed a two-headed ogre
  4085 | D:7      | Reached skill level 10 in Axes
  4085 | D:7      | Reached XP level 9. HP: 44/78 MP: 8/8
  4149 | D:7      | Found a glowing golden altar of the Shining One.
  4157 | D:7      | Noticed a gargoyle
  4160 | D:7      | Became a worshipper of the Shining One
  4172 | D:7      | Killed a gargoyle
  4180 | D:7      | Reached skill level 1 in Throwing
  4241 | D:7      | Noticed a manticore
  4254 | D:7      | Killed a manticore
  4275 | D:7      | Reached XP level 10. HP: 78/86 MP: 9/9
  4551 | D:7      | Noticed a purple ugly thing
  4582 | D:7      | Killed a purple ugly thing
  4884 | D:8      | Reached * piety under the Shining One
  4906 | D:8      | Found a staircase to the Lair.
  4992 | D:8      | Reached skill level 10 in Shields
  5035 | D:8      | Noticed Maurice
  5050 | D:8      | Killed Maurice
  5093 | D:8      | Found a runed translucent gate.
  5093 | D:8      | Noticed Endbringerleviathan's ghost (novice NaFE)
  5094 | D:8      | Found a runed translucent gate.
  5095 | D:8      | Found a runed translucent gate.
  5097 | D:8      | Identified the +6 chain mail "Xafimife" {rC+ Dex+3}
  5380 | D:8      | Reached ** piety under the Shining One
  5624 | D:6      | Found Xafiet's Antique Weapon Emporium.
  5636 | D:6      | Bought a glowing war axe for 156 gold pieces
  5707 | D:6      | Found an iron altar of Okawaru.
  5708 | D:6      | Found an ornate altar of the Wu Jian Council.
  5709 | D:6      | Found a glowing silver altar of Zin.
  6208 | D:5      | Found a staircase to the Ecumenical Temple.
  6248 | D:5      | Found Hiurph's Weapon Emporium.
  6360 | D:5      | Killed BigFatTexta's ghost
  6361 | D:5      | Reached XP level 11. HP: 97/97 MP: 10/10
  6561 | Temple   | Entered the Ecumenical Temple
  6932 | D:9      | Found a hide-covered altar of Uskayaw.
  6982 | D:9      | Found a radiant altar of Vehumet.
  6995 | D:9      | Reached skill level 1 in Invocations
  7067 | D:9      | Reached *** piety under the Shining One
  7148 | D:9      | Found a blossoming altar of Fedhas.
  7319 | D:9      | Found Firaqeem's Armour Emporium.
  7509 | D:10     | Entered Level 10 of the Dungeon
  7511 | D:10     | Found a staircase to the Orcish Mines.
  8175 | D:11     | Noticed a two-headed ogre
  8184 | D:11     | Killed a two-headed ogre
  8271 | D:11     | Identified the +3 short sword "Hurgh" {venom, Str+4 Dex+2}
  8386 | D:11     | Found a frozen archway.
  8402 | IceCv    | Entered an ice cave
  8488 | IceCv    | Reached skill level 10 in Fighting
  8584 | IceCv    | Reached **** piety under the Shining One
  8594 | IceCv    | Reached XP level 12. HP: 106/106 MP: 14/14
  8833 | IceCv    | Noticed an ironbound frostheart
  8833 | IceCv    | Noticed a death yak
  8833 | IceCv    | Noticed a death yak
  8833 | IceCv    | Noticed an ironbound frostheart
  8840 | IceCv    | Killed a death yak
  8841 | IceCv    | Reached skill level 10 in Armour
  8842 | IceCv    | Killed an ironbound frostheart
  8846 | IceCv    | Killed an ironbound frostheart
  8849 | IceCv    | Killed a death yak
  8850 | IceCv    | Reached skill level 15 in Axes
  8963 | IceCv    | Reached skill level 5 in Invocations
  9888 | D:12     | Noticed a two-headed ogre
  9893 | D:12     | Killed a two-headed ogre
 10480 | D:12     | Noticed a two-headed ogre
 10498 | D:12     | Killed a two-headed ogre
 11167 | Lair:1   | Entered Level 1 of the Lair of Beasts
 11215 | Lair:1   | Reached XP level 13. HP: 116/116 MP: 14/16
 11660 | Lair:1   | Found the +18 shield of the Gong {Loud rN+ Will+ rCorr
                  | EV-5}
 12038 | Lair:2   | Reached XP level 14. HP: 124/124 MP: 17/19
 12218 | Lair:2   | Found a hole to the Spider Nest.
 12707 | Lair:3   | Reached skill level 15 in Shields
 12738 | Lair:3   | Reached ***** piety under the Shining One
 12791 | Lair:3   | Found a staircase to the Shoals.
 13123 | Lair:3   | Found a runed translucent door.
 13182 | Lair:3   | Found a runed translucent gate.
 13184 | Lair:3   | Found a runed translucent gate.
 13191 | Lair:3   | Found a runed translucent gate.
 13191 | Lair:3   | Found a runed translucent gate.
 13191 | Lair:3   | Found a runed translucent gate.
 13192 | Lair:3   | Found a runed translucent gate.
 13690 | Lair:4   | Found a staircase to the Slime Pits.
 13691 | Lair:4   | Found a viscous altar of Jiyva.
 14094 | Lair:5   | Entered Level 5 of the Lair of Beasts
 14163 | Lair:4   | Reached XP level 15. HP: 120/134 MP: 16/20
 14559 | Lair:5   | Reached skill level 1 in Maces & Flails
 15563 | Orc:1    | Entered Level 1 of the Orcish Mines
 15895 | Orc:2    | Entered Level 2 of the Orcish Mines
 15930 | Orc:2    | Reached skill level 1 in Stealth
 15930 | Orc:2    | Reached skill level 10 in Invocations
 15977 | Orc:2    | Reached ****** piety under the Shining One
 16050 | Orc:2    | Noticed Urug
 16059 | Orc:2    | Found Kod Ucum's Antique Weapon Shoppe.
 16065 | Orc:2    | Killed Urug
 16396 | Orc:2    | Found Mockehoc's Antique Armour Shoppe.
 16411 | Orc:2    | Found Cuole's Jewellery Shoppe.
 16412 | Orc:2    | Found a staircase to the Elven Halls.
 16539 | Orc:2    | Found Xatsyhuw's General Store.
 16639 | Orc:2    | Bought an ichor-stained ring mail for 288 gold pieces
 16639 | Orc:2    | Identified the +1 ring mail "Avizuqeca" {Int+5} (You bought
                  | it in a shop on level 2 of the Orcish Mines)
 16988 | D:8      | Killed Endbringerleviathan's ghost
 18232 | D:14     | Found a gate to the Vaults.
 18260 | D:14     | Reached skill level 5 in Dodging
 18303 | D:14     | Reached XP level 16. HP: 145/147 MP: 22/22
 18430 | D:14     | Found a hide-covered altar of Uskayaw.
 18825 | D:15     | Entered Level 15 of the Dungeon
 18834 | D:15     | Reached skill level 1 in Evocations
 19317 | D:15     | Found a staircase to the Depths.
 19410 | D:15     | Found a sacrificial altar of Ru.
 19662 | Spider:1 | Entered Level 1 of the Spider Nest
 19695 | Spider:1 | Reached skill level 15 in Fighting
 20187 | Spider:1 | Found a large runed translucent door.
 20187 | Spider:1 | Found a large runed translucent door.
 20187 | Spider:1 | Noticed Tacit's ghost (journeyman GrMo)
 20216 | Spider:1 | Killed Tacit's ghost
 22247 | Spider:3 | Reached skill level 5 in Throwing
 22293 | Spider:3 | Reached XP level 17. HP: 124/156 MP: 17/23
 22416 | Spider:3 | Reached skill level 5 in Evocations
 23137 | Spider:4 | Entered Level 4 of the Spider Nest
 23848 | Orc:2    | Bought an amulet of the acrobat for 480 gold pieces
 25065 | Spider:4 | Got a gossamer rune of Zot
 25067 | Spider:4 | Identified the scarf of the Barnacle {shadows, rElec rPois}
 25099 | Spider:4 | Identified the orb "Haomof" {mayhem, rCorr}
 25809 | Depths:1 | Entered Level 1 of the Depths
 26009 | Depths:1 | Noticed a titan
 26020 | D:15     | Reached XP level 18. HP: 75/168 MP: 17/24
 26317 | D:15     | Identified a +2 broad axe of holy wrath (a +0 broad axe
                  | blessed by the Shining One)
 26317 | D:15     | Received a gift from the Shining One
 26620 | Depths:1 | Noticed a lich
 26682 | D:15     | Killed a lich
 26702 | Depths:1 | Noticed a lich
 26785 | Depths:1 | Killed a lich
 26928 | Depths:1 | Noticed a caustic shrike
 26942 | Depths:1 | Killed a caustic shrike
 27198 | Depths:1 | Identified the +5 mace "Wittuu" {holy, rC++}
 27332 | Depths:1 | Identified the ring "Giloinul" {rN+ Str+6 Dex+3}
 27354 | Depths:1 | Found Anusepsi's Assorted Antiques.
 27364 | Depths:1 | Bought a dented steel amulet for 205 gold pieces
 27525 | Depths:1 | Found a gateway to Hell.
 27894 | Shoals:1 | Entered Level 1 of the Shoals
 27899 | Shoals:1 | Noticed Josephine
 27919 | Lair:3   | Killed Josephine
 28098 | Shoals:1 | Noticed Louise
 28129 | Lair:3   | Killed Louise
 29442 | Shoals:2 | Reached skill level 15 in Armour
 29700 | Shoals:2 | Found Hobu's Weapon Boutique.
 30124 | Shoals:3 | Reached XP level 19. HP: 100/177 MP: 17/26
 30510 | Shoals:3 | Got the Almanac of Modification
 30822 | Shoals:4 | Entered Level 4 of the Shoals
 30822 | Shoals:4 | Found Poucza Dedut's Jewellery Boutique.
 31289 | Shoals:4 | Identified the +6 shortbow of Terror {drain, Drain rCorr
                  | Str+4}
 31568 | Shoals:4 | Found Ogget's Assorted Antiques.
 31606 | Shoals:4 | Bought a potion of heal wounds for 90 gold pieces
 31851 | Shoals:4 | Got a barnacled rune of Zot
 32722 | Depths:2 | Noticed the Enchantress
 33190 | Shoals:4 | Bought a ring of willpower for 475 gold pieces
 33192 | Shoals:4 | Bought the ring of Saw Wat {Fly rF+ Int+3} for 767 gold
                  | pieces
 33664 | Depths:2 | Killed the Enchantress
 33797 | Depths:2 | Identified the +2 scale mail of Wynir {rPois Will- rCorr
                  | Int-2 Dex+7}
 33953 | Depths:2 | Noticed a caustic shrike
 33959 | Depths:2 | Noticed a caustic shrike
 33961 | Depths:2 | Killed a caustic shrike
 33964 | Depths:2 | Noticed a caustic shrike
 33976 | Depths:2 | Killed a caustic shrike
 34037 | Depths:2 | Killed a caustic shrike
 34287 | Depths:2 | Identified the +3 falchion "Beastslayer" {protect, rC+++}
 34345 | Depths:2 | Noticed a golden dragon
 34374 | Depths:2 | Killed a golden dragon
 34376 | Depths:2 | Reached XP level 20. HP: 136/189 MP: 27/27
 34491 | Depths:2 | Noticed Sojobo
 34518 | Depths:2 | Killed Sojobo
 34613 | Depths:2 | Found a one-way gate leading to the halls of Pandemonium.
 35242 | Depths:3 | Noticed a golden dragon
 35256 | Depths:3 | Killed a golden dragon
 35305 | Depths:3 | Reached skill level 1 in Spellcasting
 35501 | Depths:3 | Paralysed by a floating eye for 3 turns
 35528 | Depths:3 | Noticed a juggernaut
 35556 | Depths:3 | Killed a juggernaut
 35809 | Depths:3 | Found a one-way gate to the infinite horrors of the Abyss.
 35931 | Depths:3 | Found a stormy altar of Qazlal.
 36038 | Depths:3 | Found a one-way gateway to a ziggurat.
 36899 | Depths:4 | Entered Level 4 of the Depths
 36949 | Depths:4 | Found a sparkling altar of Nemelex Xobeh.
 36988 | Depths:4 | Noticed a juggernaut
 37007 | Depths:4 | Killed a juggernaut
 37013 | Depths:4 | Noticed Mennas
 37034 | Depths:4 | Killed Mennas
 37035 | Depths:4 | Reached skill level 27 in Shields
 37062 | Depths:4 | Noticed a golden dragon
 37076 | Depths:4 | Killed a golden dragon
 37254 | Depths:4 | Reached XP level 21. HP: 200/200 MP: 28/28
 37611 | Depths:4 | Identified the +0 buckler of Impermeability {*Slow Fly rN+
                  | Stlth+}
 38026 | Depths:4 | Noticed a golden dragon
 38045 | Depths:4 | Killed a golden dragon
 38130 | Depths:4 | Found a gate to the Realm of Zot.
 38688 | Elf:1    | Entered Level 1 of the Elven Halls
 38786 | Elf:1    | Paralysed by an air elemental for 1 turns
 38789 | Elf:1    | Paralysed by an air elemental for 1 turns
 39132 | Elf:1    | Paralysed by an air elemental for 1 turns
 39798 | Elf:2    | Paralysed by an air elemental for 1 turns
 39888 | Elf:2    | Found Uguicad Caow's General Store.
 40112 | Elf:2    | Found a huge runed translucent gate.
 40112 | Elf:2    | Found a huge runed translucent gate.
 40112 | Elf:2    | Found a huge runed translucent gate.
 40112 | Elf:2    | Found a huge runed translucent gate.
 40113 | Elf:2    | Found a huge runed translucent gate.
 40394 | Elf:3    | Entered Level 3 of the Elven Halls
 40411 | Elf:3    | Paralysed by an air elemental for 1 turns
 40417 | Elf:3    | Paralysed by an air elemental for 1 turns
 40425 | Elf:3    | Paralysed by an air elemental for 1 turns
 40996 | Elf:3    | Identified the +5 halberd of a Hundred Spines {flame, Str+4
                  | Stlth+}
 40996 | Elf:3    | Identified the ring of Cothrem {rPois rN+ AC+4 Int+3}
 41004 | Elf:3    | Identified the +6 halberd "Buyvis" {drain, rN+ Int+5 Dex+3}
 41004 | Elf:3    | Identified the ring "Wuipnuel" {rN+ Str+3}
 41006 | Elf:3    | Identified the +5 chain mail "Wise Rir" {Int+2 Dex+3}
 41016 | Elf:3    | Identified the ring of Xusoiteb {rElec rF+++ rCorr EV+5
                  | Dex-4}
 41019 | Elf:3    | Identified the +1 great sword of Iwnon {freeze, rPois rC+
                  | Dex+4}
 41019 | Elf:3    | Identified the amulet "Naolyguetef" {Regen+ Slay+4}
 41029 | Elf:3    | Reached skill level 10 in Dodging
 41035 | Elf:3    | Reached XP level 22. HP: 174/214 MP: 19/30
 41042 | Elf:3    | Identified the ring "Reaq" {Fly Dex+2}
 41291 | Elf:3    | Identified the +0 chain mail of Dishonesty {rCorr Str+3
                  | Stlth-}
 41309 | Abyss:3  | Cast into level 3 of the Abyss (a deep elf sorcerer)
 41337 | Abyss:3  | Found a corrupted altar of Lugonu.
 41365 | Elf:3    | Escaped the Abyss
 41431 | Elf:3    | Identified the staff of death "Ehefydac" {rF++ rN+}
 41445 | Elf:3    | Identified the staff of conjuration "Usoobuho" {rElec rF+
                  | rCorr Str-2}
 42471 | Depths:1 | Bought a spiked plate armour for 1148 gold pieces
 42471 | Depths:1 | Identified the +13 plate armour of Terror {Drain rElec
                  | rPois rF+} (You bought it in a shop on level 1 of the
                  | Depths)
 43091 | Vaults:1 | Entered Level 1 of the Vaults
 43214 | Vaults:1 | Found Fufioch's Antique Weapon Boutique.
 44401 | Vaults:2 | Found Qecirac's Weapon Shop.
 44698 | Vaults:2 | Found the -2 hat of the Alchemist {rElec rPois rF+ rC+ rN+
                  | Will+ rMut rCorr}
 45381 | Vaults:2 | Reached XP level 23. HP: 226/226 MP: 31/31
 45987 | Vaults:3 | Noticed Aizul
 45997 | Vaults:3 | Killed Aizul
 46298 | Vaults:3 | Found a staircase to the Crypt.
 46505 | Vaults:3 | Found Ravu's Jewellery Boutique.
 46958 | Vaults:4 | Identified the +8 scimitar "Xide" {freeze, Fly rF+ Int+5
                  | Dex-3}
 47573 | Vaults:4 | Found a transporter.
 47573 | Vaults:4 | Found Bor Qequ's Antique Armour Shoppe.
 47615 | Vaults:4 | Found a transporter.
 47828 | Crypt:1  | Entered Level 1 of the Crypt
 47838 | Crypt:1  | Noticed Boris
 48549 | Depths:3 | Voluntarily entered the Abyss.
 48556 | Abyss:3  | Found a corrupted altar of Lugonu.
 48908 | Abyss:3  | Paralysed by accursed screaming for 1 turns
 48945 | Depths:3 | Escaped the Abyss
 49235 | Crypt:1  | Killed Boris
 49246 | Crypt:1  | Reached XP level 24. HP: 239/240 MP: 31/31
 49283 | Crypt:1  | Identified the +6 quarterstaff of Big Damage {drain, rF+}
 49779 | Crypt:2  | Identified the ring "Fesatif" {Contam +Blink rF++ rC+
                  | Dex+2}
 49839 | Crypt:2  | Noticed a dread lich
 49841 | Crypt:2  | Found a transporter.
 50184 | Crypt:2  | Noticed Bai Suzhen
 50197 | Crypt:2  | Killed Bai Suzhen
 50390 | Crypt:2  | Found a transporter.
 50744 | Crypt:2  | Killed a dread lich
 50963 | Crypt:3  | Entered Level 3 of the Crypt
 50975 | Crypt:3  | Found a staircase to the Tomb.
 51467 | Crypt:3  | Noticed an ancient lich
 51829 | Crypt:3  | Identified the amulet "Acitasuv" {-Tele rC+++ rN++ Regen+
                  | Int+3}
 51829 | Crypt:3  | Identified the ring "Gakuneul" {rPois rC+++ rN+ SInv
                  | Stlth+}
 51832 | Crypt:3  | Identified the +5 flail "Ystreg" {speed, rPois Str+3}
 51847 | Crypt:3  | Killed an ancient lich
 51849 | Crypt:3  | Got the Precepts of Polluted Bedrock
 51855 | Crypt:3  | Got the Volume of Entrancing Mud
 51861 | Crypt:3  | Identified the +1 halberd "Ruwef" {drain, Fly rPois rF-
                  | Str+4}
 51869 | Crypt:3  | Identified the staff of fire "Pimor" {+Blink rF+ Str+4
                  | Int+2 Stlth+}
 51874 | Crypt:3  | Identified the ring "Ypsicico" {rC++ Will+}
 52382 | Vaults:5 | Entered Level 5 of the Vaults
 52451 | Vaults:5 | Reached XP level 25. HP: 226/253 MP: 32/32
 52526 | Vaults:5 | Reached skill level 15 in Invocations
 52559 | Vaults:5 | Noticed a dread lich
 52565 | Vaults:5 | Killed a dread lich
 52580 | Vaults:5 | Noticed an ancient lich
 52580 | Vaults:5 | Noticed a dread lich
 52580 | Vaults:5 | Noticed an ancient lich
 52585 | Vaults:5 | Killed an ancient lich
 52588 | Vaults:5 | Killed a dread lich
 52589 | Vaults:5 | Reached skill level 10 in Evocations
 52589 | Vaults:5 | Killed an ancient lich
 52703 | Vaults:5 | Identified the +2 pair of gloves of Hupargh {rElec}
 52779 | Vaults:5 | Identified the ring "Umeqonni" {rN+ Slay+3}
 52801 | Vaults:5 | Got a silver rune of Zot
 53018 | Vaults:5 | Identified the ring of the Present {Drain +Blink rElec
                  | rF+++ rCorr}
 53123 | Vaults:5 | Found the +13 scythe of Curses {drain, curses, Drain}
 53136 | Vaults:5 | Identified the +8 sling "Impbane" {drain, rF+ Will+ rCorr
                  | Dex-4}
 53736 | Vaults:5 | Identified the +3 hand axe of Trauma {venom, +Blink Str+3}
 53945 | Vaults:5 | Identified the staff of poison "Plog" {Contam *Corrode
                  | rPois rF++ Will+++}
 53965 | Vaults:5 | Identified the +0 chain mail "Kihas" {Str+2 Stlth+}
 53971 | Vaults:5 | Got Zoaph's Incunabulum of Shocking Imprecation
 54495 | Zot:1    | Entered Level 1 of the Realm of Zot
 54538 | Zot:1    | Reached skill level 27 in Fighting
 54816 | Zot:1    | Identified the +0 ring mail of Amorality {rElec Regen+
                  | Int-5}
 55470 | Zot:2    | Noticed an orb of fire
 55472 | Zot:2    | Noticed a Killer Klown
 55542 | Zot:2    | Gained mutation: You have large cloven feet. [an orb of
                  | fire]
 55551 | Zot:2    | Killed a Killer Klown
 55553 | Zot:2    | Killed an orb of fire
 55626 | Zot:2    | Found the +12 glaive of Prune {freeze, Prune}
 55873 | Zot:2    | Identified a scroll of acquirement
 55939 | Zot:2    | Acquired the ring "Zebbent" {rC+ Will+ Int-2 Dex+6}
 55973 | Zot:2    | You fall into a shaft and drop 1 floor!
 56123 | Zot:3    | Reached skill level 10 in Throwing
 57144 | Zot:4    | Reached XP level 26. HP: 200/266 MP: 34/34
 58039 | Zot:5    | Entered Level 5 of the Realm of Zot
 58312 | Zot:5    | Noticed an orb of fire
 58327 | Zot:5    | Killed an orb of fire
 58924 | Zot:5    | Noticed an orb of fire
 58932 | Zot:5    | Noticed an orb of fire
 58933 | Zot:5    | Noticed an orb of fire
 58936 | Zot:5    | Gained mutation: You are frail. (-10% HP) [an orb of fire]
 58942 | Zot:5    | Killed an orb of fire
 58946 | Zot:5    | Gained mutation: You are very frail. (-20% HP) [an orb of
                  | fire]
 58947 | Zot:5    | Gained mutation: Your spells are a little easier to cast,
                  | but a little less powerful. [an orb of fire]
 58953 | Zot:5    | Gained mutation: Armour fits poorly on your strangely
                  | shaped body. [an orb of fire]
 58965 | Zot:5    | Gained mutation: You are dopey. (Int -2) [an orb of fire]
 59087 | Zot:4    | Reached XP level 27. HP: 218/218 MP: 34/34
 61016 | D:4      | Lost mutation: Your spells are a little easier to cast, but
                  | a little less powerful. [potion of mutation]
 61016 | D:4      | Lost mutation: Armour fits poorly on your strangely shaped
                  | body. [potion of mutation]
 61016 | D:4      | Lost mutation: You have large cloven feet. [potion of
                  | mutation]
 61016 | D:4      | Gained mutation: You passively map a small area around you.
                  | [potion of mutation]
 61016 | D:4      | Lost mutation: You are very frail. (-20% HP) [potion of
                  | mutation]
 61016 | D:4      | Gained mutation: You have sharp toenails. [potion of
                  | mutation]
 61017 | D:4      | Lost mutation: You passively map a small area around you.
                  | [potion of mutation]
 61017 | D:4      | Lost mutation: You are frail. (-10% HP) [potion of
                  | mutation]
 61017 | D:4      | Lost mutation: You have sharp toenails. [potion of
                  | mutation]
 61017 | D:4      | Gained mutation: You have hidden genetic defects. [potion
                  | of mutation]
 61017 | D:4      | Gained mutation: You passively dampen the noise of your
                  | surroundings. [potion of mutation]
 61018 | D:4      | Lost mutation: You are dopey. (Int -2) [potion of mutation]
 61018 | D:4      | Lost mutation: You have hidden genetic defects. [potion of
                  | mutation]
 61018 | D:4      | Lost mutation: You passively dampen the noise of your
                  | surroundings. [potion of mutation]
 61018 | D:4      | Gained mutation: Your natural rate of healing is unusually
                  | fast. [potion of mutation]
 61018 | D:4      | Gained mutation: You are robust. (+10% HP) [potion of
                  | mutation]
 61018 | D:4      | Gained mutation: You have large cloven feet. [potion of
                  | mutation]
 61536 | Zot:5    | Gained mutation: You are partially covered in large bone
                  | plates. (SH +4) [an orb of fire]
 61538 | Zot:5    | Gained mutation: You occasionally lose the ability to drink
                  | potions when taking damage. [an orb of fire]
 61541 | Zot:5    | Killed an orb of fire
 61553 | Zot:5    | Killed an orb of fire
 61792 | Zot:5    | Noticed an orb of fire
 61802 | Zot:5    | Killed an orb of fire
 61835 | Zot:5    | Noticed a dread lich
 61840 | Zot:5    | Killed a dread lich
 61970 | Zot:5    | Noticed a dread lich
 61972 | Zot:5    | Noticed a dread lich
 61980 | Zot:5    | Killed a dread lich
 61981 | Zot:5    | Killed a dread lich
 62001 | Zot:5    | Noticed an orb of fire
 62016 | Zot:5    | Killed an orb of fire
 62071 | Zot:5    | Noticed an orb of fire
 62075 | Zot:5    | Gained mutation: Armour fits poorly on your strangely
                  | shaped body. [an orb of fire]
 62084 | Zot:5    | Gained mutation: You are weak. (Str -2) [an orb of fire]
 62086 | Zot:5    | Killed an orb of fire
 62224 | Zot:5    | Lost mutation: Your natural rate of healing is unusually
                  | fast. [potion of mutation]
 62224 | Zot:5    | Lost mutation: You have large cloven feet. [potion of
                  | mutation]
 62224 | Zot:5    | Gained mutation: You expend magic power (3 MP) to
                  | strengthen your wands. [potion of mutation]
 62224 | Zot:5    | Gained mutation: Your spells are a little harder to cast,
                  | but a little more powerful. [potion of mutation]
 62225 | Zot:5    | Lost mutation: You expend magic power (3 MP) to strengthen
                  | your wands. [potion of mutation]
 62225 | Zot:5    | Lost mutation: You are partially covered in large bone
                  | plates. (SH +4) [potion of mutation]
 62225 | Zot:5    | Lost mutation: You occasionally lose the ability to drink
                  | potions when taking damage. [potion of mutation]
 62225 | Zot:5    | Gained mutation: You are vulnerable to heat. (rF-) [potion
                  | of mutation]
 62225 | Zot:5    | Lost mutation: You are weak. (Str -2) [potion of mutation]
 62225 | Zot:5    | Gained mutation: You do not regenerate when monsters are
                  | visible. [potion of mutation]
 62225 | Zot:5    | Gained mutation: You possess an exceptional clarity of
                  | mind. [potion of mutation]
 62226 | Zot:5    | Lost mutation: Armour fits poorly on your strangely shaped
                  | body. [potion of mutation]
 62226 | Zot:5    | Lost mutation: You possess an exceptional clarity of mind.
                  | [potion of mutation]
 62226 | Zot:5    | Gained mutation: You have sharp fingernails. [potion of
                  | mutation]
 62226 | Zot:5    | Lost mutation: You do not regenerate when monsters are
                  | visible. [potion of mutation]
 62226 | Zot:5    | Gained mutation: You have large cloven feet. [potion of
                  | mutation]
 62509 | Hell     | Entered the Vestibule of Hell
 62509 | Hell     | Noticed Geryon
 62518 | Abyss:3  | Cast into level 3 of the Abyss (hell knight)
 62892 | Abyss:3  | Got an abyssal rune of Zot
 62927 | Hell     | Escaped the Abyss
 62965 | Hell     | Killed Geryon
 63043 | Hell     | Found a gateway to the ashen valley of Gehenna.
 63086 | Hell     | Noticed Murray
 63098 | Hell     | Killed Murray
 63106 | Hell     | Found a gateway to the Iron City of Dis.
 63220 | Hell     | Found a gateway to the decaying netherworld of Tartarus.
 63303 | Hell     | Found a gateway to the freezing wastes of Cocytus.
 63405 | Geh:1    | Entered Level 1 of Gehenna
 63654 | Geh:2    | You are sucked into a shaft and drop 1 floor!
 63862 | Geh:4    | Noticed a dread lich
 63872 | Geh:4    | Killed a dread lich
 64620 | Geh:7    | Entered Level 7 of Gehenna
 64836 | Geh:7    | Noticed the Serpent of Hell
 64852 | Geh:7    | Killed the Serpent of Hell
 65137 | Geh:7    | Identified the staff of poison "Ypsen" {rPois Will+}
 65157 | Geh:7    | Found the +13 sceptre of Asmodeus
 65157 | Geh:7    | Noticed Asmodeus
 65188 | Geh:7    | Killed Asmodeus
 65195 | Geh:7    | Got an obsidian rune of Zot
 65600 | Tar:1    | Entered Level 1 of Tartarus
 65744 | Tar:1    | Reached skill level 27 in Armour
 65873 | Dis:1    | Entered Level 1 of the Iron City of Dis
 66227 | Coc:1    | Entered Level 1 of Cocytus
 66439 | Coc:1    | Paralysed by a wendigo for 1 turns
 66444 | Coc:1    | Reached skill level 15 in Evocations
 66682 | Coc:2    | Paralysed by a wendigo for 1 turns
 67091 | Coc:3    | Noticed a dread lich
 67105 | Coc:3    | Killed a dread lich
 67341 | Coc:4    | Noticed an ancient lich
 67355 | Coc:4    | Killed an ancient lich
 68315 | Coc:7    | Entered Level 7 of Cocytus
 68600 | Coc:7    | Paralysed by a wendigo for 1 turns
 68875 | Coc:7    | Paralysed by a wendigo for 1 turns
 69283 | Coc:7    | Paralysed by a wendigo for 1 turns
 69369 | Coc:7    | Paralysed by a wendigo for 1 turns
 69475 | Coc:7    | Noticed a dread lich
 69496 | Coc:7    | Killed a dread lich
 69496 | Coc:7    | Paralysed by a wendigo for 1 turns
 69759 | Coc:7    | Paralysed by a wendigo for 1 turns
 69951 | Coc:7    | Noticed Antaeus
 70182 | Coc:7    | Identified the +3 helmet "Dajaan" {SInv}
 70228 | Coc:7    | Killed Antaeus
 70440 | Coc:7    | Got an icy rune of Zot
 70890 | Dis:2    | Learned a level 1 spell: Slow
 70934 | Dis:2    | Learned a level 2 spell: Wereblood
 71189 | Dis:3    | Reached skill level 1 in Transmutations
 71456 | Dis:5    | Noticed a dread lich
 71573 | Dis:5    | Lost intelligence.
 71575 | Dis:5    | Mangled by an iron golem

Illustrated notes

Levels and vault maps discovered:
D:1:      psy_arrival_terrarium, layout_basic,
          shapermc_ecumenical_altar_mp_vishouse, chequers_serial_rivers_small_b
D:2:      layout_basic, serial_rivers, chequers_serial_rivers_small_3,
          chequers_serial_rivers_small_a, chequers_serial_rivers_micro_a,
          chequers_serial_rivers_small_3, st_stairs_10, hangedman_glass_teeth,
          minmay_crystal_room, hangedman_decor_clover_reticule
D:3:      layout_basic, general_overflow_altar, minmay_cut_off
D:4:      minmay_bubble_buster, layout_gridville
D:5:      layout_rooms, minmay_temple_entry_statues, gammafunk_ghost_mausoleum,
          serial_shops, shop
D:6:      layout_rooms, chequers_temple_overflow_statue_of_worship,
          serial_shops, shop, chequers_serial_rivers_micro_a,
          minmay_misc_feat_chi, chequers_serial_rivers_small_b,
          chequers_serial_rivers_small_b
D:7:      minmay_the_grid_octo_triangle [minmay_the_grid_octo_77,
          minmay_the_grid_octo_prize_big_c, minmay_the_grid_octo_checkered],
          layout_basic, nicolae_tso_besieged_by_evil, serial_shops,
          nicolae_shop_stone
D:8:      layout_gridville, erik_lair_orcish_takeover,
          biasface_ghost_orc_armoury, uniq_maurice
D:9:      layout_rooms, amcnicky_altar_gilded, old_standard_altar,
          vehumet_altar_wand_db, serial_shops, shop
D:10:     layout_basic, minmay_orc_entry_guard_dogs, minmay_misc_feat_iff
D:11:     layout_cave_pools, portal_ice_cave_entry_pillars_1
D:12:     layout_basic, kennysheep_generic_room_7
D:13:     layout_irregular_city, hangedman_aviary
D:14:     layout_stronghold, david_vaults_4, nicolae_uskayaw_en_pointe
D:15:     gammafunk_enter_depths_forms, layout_cave_pools,
          nicolae_ru_path_of_blood
Temple:   nicolae_temple_superstar
Lair:1:   layout_regular_city, lemuel_fruit_fields, grunt_megastairs_4
Lair:2:   layout_chaotic_city, spider_nest_entry_a,
          chequers_serial_rivers_micro_d
Lair:3:   gammafunk_indiana_jones, layout_hall_layers, shoals_dummy_entry
Lair:4:   layout_cave_pods, slime_entry_1
Lair:5:   evilmike_catoblepas_cave, layout_regular_city
Shoals:1: layout_shoals, uniq_louise, uniq_josephine
Shoals:2: layout_shoals, serial_shops, nicolae_diamond_shop
Shoals:3: layout_shoals
Shoals:4: shoals_end_simple, layout_shoals, serial_shops, shop, shop
Spider:1: layout_spider_delve, ebering_ghost_disaster_area
Spider:2: layout_cave_pods, nicolae_spider_shape,
          hangedman_spider_tarantella_strand
Spider:3: layout_spider_delve, nicolae_spider_orb_run,
          nicolae_spider_cling_halls
Spider:4: hellmonk_spider_rune_endless_swarm
Orc:1:    layout_diamond_mine, rock_pile
Orc:2:    grunt_orc_cross, layout_caves
Elf:1:    minmay_elf_arrival_summoners, layout_loops_ring,
          hangedman_elven_crosses_minicolossus
Elf:2:    elven_hall_of_blades_hangedman_alternative
          [nicolae_blade_little_rooms], layout_geoelf_diagonals, serial_shops,
          shop
Elf:3:    elf_hall, layout_loops_cross, kb_rosetta
Vaults:1: vaults_dpeg_cross, vaults_room_fancy_cross, ontoclasm_vaults_spin,
          nicolae_vaults_closet_pinwheel_1, ontoclasm_vaults_gateway,
          hangedman_vaults_stagger, vaults_room_pools, nicolae_vaults_rhombus_6,
          nicolae_vaults_tetromino_L_1, layout_vaults_omnigrid, serial_shops,
          shop
Vaults:2: nicolae_vaults_corpse_flower, nicolae_vaults_octothorpe, v_rooms_3,
          ontoclasm_vaults_misaligned, nicolae_vaults_taking_the_gang_shopping,
          nicolae_vaults_closet_pinwheel_5, v_misc_28,
          nicolae_vaults_little_squares_1, hangedman_vaults_stretched_pinwheel,
          nicolae_vaults_trapezoid_3, v_rooms_6, nicolae_vaults_more_shelving_1,
          layout_vaults_omnibox
Vaults:3: minmay_crypt_entry_simple_round, nicolae_vaults_shipping_containers_5,
          vaults_dpeg_hooks, vaults_dpeg_ring, v_alt_pattern_5,
          ontoclasm_vaults_idyll, nicolae_vaults_ninety_degrees, v_misc_17,
          nicolae_vaults_little_squares_3, v_misc_1, vaults_room_semicircle,
          nicolae_vaults_trapezoid_lopsided_1, vaults_dpeg_diagonal,
          layout_vaults_big_cross, serial_shops, shop, uniq_aizul
Vaults:4: hangedman_vaults_cutoff, nicolae_vaults_house_1,
          vaults_room_ringed_pool, v_rooms_5, nicolae_vaults_steering_wheel,
          hangedman_vaults_nails, nicolae_vaults_enemy_cabinets,
          nicolae_vaults_little_squares_2, nicolae_vaults_frosty_reception,
          ontoclasm_vaults_hangar, v_misc_8, nicolae_vaults_tetromino_T_2,
          nicolae_vaults_three_branches, layout_vaults_maze_bifur, serial_shops,
          nicolae_shop_drivethru
Vaults:5
Crypt:1:  layout_rooms, grunt_crypt_arrival_webbed, uniq_josephina, uniq_boris
Crypt:2:  gammafunk_the_bubble [the_bubble_gammafunk_grid], layout_basic,
          uniq_bai_suzhen
Crypt:3:  david_glass_crypt, layout_gridlike, nicolae_tomb_entry_rubble_hallway
Depths:1: layout_big_octagon, hellmouth_1, serial_shops, nicolae_shop_stone,
          minmay_shattered_shrine, kennysheep_random_hallway
Depths:2: grunt_deathspiral_small, layout_gridville, rand_demon_pan_entry_8,
          hell_entry, kennysheep_donut, infiniplex_staircase_pillars_3a,
          firewood_loft, uniq_enchantress, uniq_sojobo
Depths:3: nzn_winding_woodlands_three_and_one
          [nzn_winding_woodlands_5x15_sidewinder,
          nzn_winding_woodlands_5x15_cabin,
          nzn_winding_woodlands_5x15_split_checker,
          nzn_winding_woodlands_center_pierced_h], layout_gridlike,
          enter_ziggurat_d, pan_entry, nicolae_qazlal_eye_of_the_storm,
          abyss_entry_small_statue_room, grunt_hell_horde
Depths:4: grunt_zot_entry_alcove, layout_basic, rand_demon_pan_entry_4,
          nemelex_xobeh_ov_fountains_minmay, hell_entry, serial_bayou_shore_b,
          uniq_mennas
Hell
Dis:1:    layout_regular_city
Dis:2:    layout_subdivisions, nicolae_dis_big_boring_drill
Dis:3:    layout_jigsaw
Dis:4:    layout_gridville, nicolae_hells_fiendish_ambush
Dis:5:    layout_jigsaw, minmay_strange_pillars, evilmike_ambush
          [evilmike_ambush_outer_basic, evilmike_ambush_inner_basic]
Geh:1:    layout_gehenna_pools_triple
Geh:2:    layout_gehenna_lava_caves
Geh:3:    layout_gehenna_pools_triple
Geh:4:    layout_gehenna_pools_triple
Geh:5:    layout_gehenna_lava_caves, lemuel_old_faithful
Geh:6:    layout_gehenna_pools_basic
Geh:7:    geh_old
Coc:1:    layout_ice_bergs, nicolae_coc_melting_block
Coc:2:    layout_cocytus_water_paths
Coc:3:    layout_cocytus_water_paths
Coc:4:    layout_ice_bergs
Coc:5:    layout_cocytus_water_paths
Coc:6:    layout_ice_bergs
Coc:7:    coc_grunt_cove [coc_grunt_cove_antaeus, coc_grunt_cove_fiend,
          coc_grunt_cove_fiend, coc_grunt_cove_fiend, coc_grunt_cove_fiend]
Tar:1:    layout_catacombs
Zot:1:    layout_gridlike, grunt_megastairs_3
Zot:2:    layout_basic, grunt_megastairs_2
Zot:3:    nicolae_zot_stationary_front, layout_twisted_circle,
          hangedman_elemental_corridor
Zot:4:    layout_gridlike
Zot:5:    layout_gridlike, bh_zot_ikea_curve

Skill      XL: |  1  2  3  4  5  6  7  8  9 10 11 12 13 14 15 16 17 18 19 20 21 22 23 24 25 26 27 |
---------------+----------------------------------------------------------------------------------+-----
Shields        | 4 5 6 8 9 10 12 13 14 16 18 19 21 23 25 27 | 27.0
Fighting       | 4 5 6 7 9 10 11 12 14 15 16 17 18 19 21 23 24 26 27 | 27.0
Axes           | 3 4 5 6 8 10 11 13 14 15 16 17 18 20 21 23 24 25 | 25.0
Armour         | 4 5 6 7 8 9 10 11 12 13 14 15 16 17 18 20 22 27 | 27.0
Dodging        | 1 2 3 5 6 7 8 10 11 14 | 14.0
Throwing       | 1 5 7 9 10 14 | 14.7
Invocations    | 4 6 8 9 10 11 12 13 14 16 17 22 | 22.0
Maces & Flails | 2 3 |  3.0
Stealth        | 1 |  1.0
Evocations     | 4 6 7 8 9 11 12 20 | 20.2
Spellcasting   | 1 |  1.0
Transmutations | 2 |  2.7
Ranged Weapons | |  0.5

Action                     |  1- 3 |  4- 6 |  7- 9 | 10-12 | 13-15 | 16-18 | 19-21 | 22-24 | 25-27 || total
---------------------------+-------+-------+-------+-------+-------+-------+-------+-------+-------++-------
  Melee: War axe           |    60 |    79 |   113 |   455 |   702 |  1063 |  1449 |   978 |  1013 ||  5912
         Headbutt          |     8 |    14 |    14 |   116 |   242 |   407 |   561 |   557 |   942 ||  2861
         Broad axe         |       |       |     2 |       |       |    54 |    43 |   466 |  1214 ||  1779
         Flail             |       |       |       |       |    16 |     3 |       |     3 |       ||    22
   Fire: Sling             |       |       |       |       |       |       |     5 |       |       ||     5
  Throw: Dart              |       |     2 |     4 |     2 |       |    87 |     3 |    22 |     1 ||   121
         Throwing net      |       |       |     1 |       |       |     3 |       |       |       ||     4
         Javelin           |       |       |       |       |       |    34 |    18 |    36 |    50 ||   138
         Boomerang         |       |       |       |       |       |    69 |       |       |       ||    69
 Invoke: Divine Shield     |       |       |       |     3 |     3 |    40 |    13 |    14 |    35 ||   108
         Cleansing Flame   |       |       |       |       |     3 |     5 |    10 |     9 |    35 ||    62
         Summon Divine War |       |       |       |       |       |     1 |     1 |     2 |    18 ||    22
         Brand Weapon With |       |       |       |       |       |     1 |       |       |       ||     1
Ability: Evoke Blink       |       |       |       |       |       |       |       |     7 |    37 ||    44
  Evoke: Wand              |       |       |     3 |     5 |     2 |    28 |    10 |    13 |     5 ||    66
         Lightning rod     |       |       |       |       |       |    11 |     7 |     4 |    11 ||    33
         Phial of floods   |       |       |       |       |       |     1 |     2 |       |       ||     3
    Use: Scroll            |     8 |     2 |     3 |    13 |     3 |    15 |    13 |    10 |    11 ||    78
         Potion            |       |     1 |     5 |     4 |     1 |    15 |     8 |     6 |    14 ||    54
 Armour: Scale mail        |    14 |       |       |       |       |       |       |       |       ||    14
         Chain mail        |     8 |    38 |    12 |       |    31 |   439 |   242 |    15 |       ||   785
         Plate armour      |       |       |    74 |   130 |       |       |       |   228 |   715 ||  1147
         Ice dragon scales |       |       |       |    55 |    84 |       |       |       |       ||   139
  Dodge: Dodged            |    18 |    22 |    42 |   102 |    57 |   212 |   175 |   112 |   342 ||  1082
  Block: Buckler           |    12 |       |       |       |       |       |       |       |       ||    12
         Kite shield       |    15 |    23 |    54 |   234 |   754 |  2067 |  1728 |  1589 |  2748 ||  9212
         Reflection        |       |       |       |       |       |       |    35 |    86 |    76 ||   197
         Tower shield      |       |       |       |       |       |       |       |   140 |   452 ||   592
